Map: Jar Graystone

Players

Razvan - Winner!

  • Race: Zerg Zerg
  • Spawn Location: 11:00

Bormanilla

  • Race: Protoss Protoss
  • Spawn Location: 3:00

Gracz

  • Race: Terran Terran
  • Spawn Location: 5:00

brayaroby - Winner!

  • Race: Terran Terran
  • Spawn Location: 9:00

VOD

Have the link to the VOD?

Description

Time

  • Played on: Feb. 9, 2016, 6:32 p.m.
  • Length: 20:06
Show
View Real Time Build Order
Export as new Build Order

Razvan Zerg - Winner!

Build Orders: 3 Hatch before Pool 

Get SALT Encoding   

  12  0:01  Drone  
  13  0:08  Drone  
  14  0:19  Extractor  
  13  0:21  Extractor  
  13  0:25  Drone  
  13  0:26  Drone  
  16  0:29  Overlord  
  16  0:54  Hatchery  
  15  1:02  Drone x2  
  17  1:20  Hatchery  
  16  1:28  Drone x2  
  16  1:29  Drone  
  19  1:33  Extractor  
  18  1:45  Spawning Pool  
  17  1:48  Drone  
  18  1:56  Drone  
  18  2:01  Drone  
  20  2:10  Extractor, Drone  
  20  2:13  Drone  
  21  2:20  Drone  
  22  2:23  Drone  
  22  2:28  Drone  
  24  2:31  Queen  
  24  2:33  Queen  
  28  2:40  Drone  
  28  2:42  Drone  
  28  2:43  Drone  
  31  2:46  Drone  
  32  2:57  Lair  
  32  3:09  Roach Warren  
  31  3:13  Queen  
  31  3:15  Drone  
  31  3:18  Overlord  
  34  3:34  Overlord x2  
  34  3:40  Drone  
  34  3:41  Drone x2  
  37  3:42  Drone x2  
  37  3:43  Drone  
  40  3:51  Roach  
  40  3:52  Overlord  
  42  3:57  Roach  
  42  3:59  Roach  
  42  4:01  Roach  
  48  4:05  Roach  
  50  4:19  Hydralisk Den  
  50  4:20  Roach  
  50  4:21  Roach x3  
  57  4:27  Evolution Chamber  
  57  4:28  Drone  
  57  4:30  Evolution Chamber, Drone  
  57  4:32  Drone  
  58  4:41  Extractor  
  58  4:43  Extractor, Pneumatized Carapace  
  56  4:49  Roach x2  
  60  4:53  Zerg Missile Weapons Level 1  
  60  4:56  Zerg Ground Armor Level 1  
  60  5:25  Drone  
  60  5:26  Drone x4  
  60  5:27  Infestation Pit, Drone  
  60  5:28  Overlord x3, Drone  
  66  5:50  Hatchery  
  66  5:57  Drone x9  
  66  6:00  Drone  
  66  6:02  Drone  
  76  6:04  Drone  
  77  6:22  Evolution Chamber  
  77  6:24  Drone  
  77  6:25  Drone x6  
  83  6:26  Overlord  
  83  6:27  Overlord  
  83  6:34  Extractor  
  83  6:36  Extractor  
  83  6:37  Drone x5  
  86  7:04  Zerg Melee Weapons Level 1  
  86  7:05  Zerg Missile Weapons Level 2  
  86  7:06  Zerg Ground Armor Level 2  
  86  7:10  Hive  
  86  7:15  Drone x5  
  87  7:17  Drone  
  87  7:18  Drone x9  
  87  7:21  Queen  
  103  7:58  Extractor  
  102  8:01  Extractor  
  101  8:25  Ultralisk Cavern  
  100  9:16  Overlord x3  
  100  9:17  Overlord x6  
  100  9:32  Zerg Melee Weapons Level 2  
  100  9:33  Hatchery  
  100  9:34  Chitinous Plating  
  99  9:44  Zerg Ground Armor Level 3  
  99  9:47  Zerg Missile Weapons Level 3  
  99  9:58  Ultralisk x6  
  99  9:59  Ultralisk  
  141  10:00  Ultralisk x5  
  141  10:01  Overlord  
  141  10:02  Overlord x8  
  177  10:21  Ultralisk x3  
  177  10:24  Ultralisk  
  139  11:16  Ultralisk x2  
  139  11:17  Ultralisk x3  
  169  11:20  Overseer x3  
  169  11:37  Queen  
  169  11:38  Drone  
  169  11:39  Drone x2  
  174  11:45  Extractor  
  173  11:51  Ultralisk x2  
  173  11:52  Ultralisk  
  173  11:54  Extractor  
  190  11:58  Extractor  
  189  12:04  Spire  
  189  12:07  Drone  
  189  12:08  Drone  
  190  12:39  Queen  
  150  14:08  Drone  
  150  14:09  Drone x6  
  157  14:10  Drone x12  
  157  14:11  Drone  
  157  14:12  Drone x18  
  157  14:17  Drone x13  
  177  14:18  Drone  
  177  14:19  Drone x3  
  193  14:42  Drone x2  
  193  14:43  Drone x2  
  193  14:44  Drone x2  
  199  15:11  Drone  
  199  15:12  Drone x2  
  199  15:13  Drone x2  
  192  15:14  Drone  
  192  15:15  Drone x2  
  192  15:17  Drone  
  192  15:18  Drone x2  
  192  15:20  Drone  
  192  15:21  Drone  
  188  15:23  Drone  
  188  15:24  Drone x4  
  187  15:38  Drone x2  
  187  15:39  Drone  
  187  15:40  Drone  
  187  15:41  Drone x2  
  187  15:42  Drone  
  194  15:43  Drone  
  195  16:03  Drone  
  195  16:04  Drone x4  
  200  16:24  Corruptor  
  97  17:49  Hydralisk x3  
  97  17:50  Hydralisk x5  
  97  17:51  Hydralisk x2  
  96  17:52  Hydralisk x7  
  103  18:01  Hydralisk x7  
  103  18:05  Drone  
  105  18:06  Drone x5  
  83  19:14  Drone  
  83  19:15  Hydralisk x5  
  83  19:16  Hydralisk  
  96  19:17  Hydralisk x2  
  100  19:42  Hatchery  
Show
View Real Time Build Order
Export as new Build Order

Bormanilla Protoss 

Build Orders: Double Forge 

Get SALT Encoding   

  12  0:21  Probe (Chrono Boost)  
  12  0:27  Pylon  
  13  0:31  Assimilator  
  13  0:32  Probe (Chrono Boost)  
  15  0:42  Probe (Chrono Boost)  
  15  0:45  Gateway  
  15  0:53  Probe (Chrono Boost)  
  16  1:03  Probe (Chrono Boost)  
  17  1:14  Probe (Chrono Boost)  
  18  1:25  Probe (Chrono Boost)  
  19  1:29  Assimilator  
  19  1:34  Cybernetics Core  
  19  1:35  Probe (Chrono Boost)  
  20  1:40  Zealot  
  20  1:46  Probe (Chrono Boost)  
  23  2:09  Pylon  
  23  2:18  Pylon  
  23  2:28  Mothership Core (Chrono Boost)  
  25  2:46  Probe (Chrono Boost)  
  25  2:47  Warp Gate  
  26  2:56  Pylon, Probe (Chrono Boost)  
  27  2:59  Forge  
  27  3:04  Gateway  
  27  3:07  Probe (Chrono Boost)  
  27  3:12  Forge  
  28  3:17  Probe (Chrono Boost)  
  29  3:25  Nexus  
  29  3:28  Adept, Probe (Chrono Boost)  
  32  3:38  Probe (Chrono Boost)  
  33  3:51  Photon Cannon  
  33  3:53  Photon Cannon  
  33  3:58  Stalker  
  33  4:00  Stalker  
  37  4:12  Robotics Facility  
  37  4:48  Twilight Council  
  37  4:50  Probe (Chrono Boost)  
  38  4:58  Protoss Ground Weapons Level 1  
  38  5:00  Probe (Chrono Boost)  
  38  5:02  Immortal (Chrono Boost)  
  43  5:09  Probe  
  44  5:17  Stalker x2  
  44  5:20  Probe  
  45  5:30  Probe  
  46  5:37  Immortal (Chrono Boost)  
  46  5:39  Pylon  
  46  5:41  Probe  
  51  5:46  Stalker x2  
  55  5:51  Gateway, Probe  
  55  5:55  Gateway  
  56  6:02  Probe  
  57  6:15  Photon Cannon  
  57  6:18  Photon Cannon  
  57  6:20  Probe  
  58  6:29  Assimilator  
  58  6:30  Probe  
  58  6:32  Observer (Chrono Boost), Assimilator  
  60  6:41  Probe  
  60  6:45  Gateway  
  61  6:48  Gateway  
  61  6:51  Observer (Chrono Boost), Probe  
  61  6:52  Protoss Ground Armor Level 1  
  61  6:53  Resonating Glaives  
  63  6:57  Adept x2  
  63  6:58  Adept  
  69  7:02  Probe  
  70  7:18  Pylon  
  70  7:19  Pylon  
  70  7:34  Probe  
  75  7:37  Immortal (Chrono Boost)  
  75  7:40  Pylon  
  75  7:41  Pylon  
  75  7:45  Probe  
  76  7:55  Probe  
  77  7:58  Templar Archives  
  77  8:03  Pylon x2  
  77  8:06  Probe  
  78  8:16  Probe  
  79  8:20  Pylon  
  79  8:27  Probe  
  79  8:33  Blink  
  80  8:37  Probe  
  81  8:45  Stalker  
  81  8:46  Protoss Ground Weapons Level 2, Stalker x4  
  81  8:48  Probe  
  92  8:59  Probe  
  93  9:09  Psionic Storm  
  93  9:42  Probe  
  94  9:49  Adept  
  94  9:50  Adept x5  
  106  9:53  Probe  
  107  10:03  Probe  
  108  10:13  Photon Cannon  
  108  10:14  Probe  
  108  10:16  Photon Cannon  
  97  11:05  Stalker x2, Immortal (Chrono Boost)  
  97  11:06  Stalker x4  
  97  11:14  Protoss Ground Weapons Level 3  
  85  11:38  High Templar x4  
  85  11:39  Immortal (Chrono Boost)  
  73  12:12  Adept x2  
  73  12:13  Adept x4  
  85  12:18  Immortal (Chrono Boost)  
  89  12:43  Stalker x6  
  100  13:01  Immortal (Chrono Boost)  
  104  13:14  Sentry x3  
  104  13:15  Sentry x2  
  88  13:35  Immortal (Chrono Boost)  
  88  13:40  Stalker x5  
  88  13:41  Stalker  
  98  14:06  Zealot x5  
  98  14:07  Zealot  
  104  14:35  Charge  
  104  14:45  Zealot x6  
  62  15:08  Stalker x5  
  62  15:09  Stalker  
  64  16:08  Stalker  
  64  16:09  Stalker x4  
  70  16:39  Adept x3  
  60  17:07  Immortal  
Show
View Real Time Build Order
Export as new Build Order

Gracz Terran 

Build Orders: Reaper Expand 

Get SALT Encoding   

  12  0:10  SCV  
  13  0:23  SCV  
  14  0:29  Refinery  
  14  0:49  Supply Depot  
  15  0:50  SCV  
  15  1:10  SCV  
  16  1:18  Supply Depot  
  16  1:38  Barracks  
  16  1:44  Barracks  
  16  2:04  Barracks  
  16  2:19  SCV  
  16  2:21  Refinery  
  17  2:31  SCV  
  17  2:35  Barracks Reactor  
  18  2:39  Barracks Tech Lab  
  18  2:54  Barracks Tech Lab  
  18  3:08  Command Center  
  18  3:15  Reaper  
  18  3:18  Reaper x2  
  21  3:42  Factory  
  21  3:47  Reaper  
  21  3:48  Marine  
  22  3:50  Reaper x2  
  25  3:57  Orbital Command  
  25  4:06  Marine  
  26  4:20  Combat Shields, Marauder  
  26  4:22  Marine x2  
  30  4:30  Marine  
  31  4:40  Reaper x2  
  31  4:41  Marine  
  34  4:47  Marine  
  34  4:49  SCV  
  36  5:02  SCV  
  37  5:14  SCV  
  38  5:51  Factory Tech Lab  
  38  6:01  SCV  
  38  6:02  Starport  
  39  6:10  Barracks  
  39  6:13  SCV  
  40  6:33  SCV  
  40  6:35  SCV  
  42  6:45  Refinery, SCV  
  43  6:47  Refinery, SCV  
  44  6:57  SCV  
  44  6:59  SCV  
  46  7:01  Starport Tech Lab  
  46  7:11  SCV  
  46  7:14  Starport  
  47  7:23  SCV  
  48  7:31  Barracks Reactor  
  48  7:33  Marauder  
  48  7:34  Marauder  
  48  7:35  SCV  
  48  7:36  Reaper x2  
  55  7:49  Cyclone  
  58  7:54  Marauder  
  58  7:55  Marauder  
  58  7:56  Starport Reactor  
  62  8:23  Supply Depot  
  62  8:44  Cyclone  
  46  9:32  Supply Depot  
  46  9:34  Reaper x4  
  46  9:35  Reaper x2  
  52  9:41  Siege Tank  
  55  9:52  Banshee  
  58  10:06  Reaper x4  
  63  10:07  Reaper x2  
  63  10:13  Siege Tank  
  67  10:15  Supply Depot  
  67  10:38  Reaper  
  67  10:39  Reaper x5  
  67  11:10  Reaper  
  67  11:11  Reaper x5  
  62  11:26  Supply Depot  
  61  11:43  Reaper x2  
  43  12:02  Supply Depot  
  43  12:04  Reaper x2  
  43  12:05  Reaper x2  
  47  12:15  Reaper x2  
  49  12:34  Siege Tank  
  49  12:36  Reaper x2  
  54  12:37  Reaper  
  55  12:44  Supply Depot  
  55  12:47  Reaper x2  
  54  12:58  Reaper  
  54  13:03  Viking  
  57  13:06  Viking x2, Siege Tank  
  57  13:08  Reaper x2  
  57  13:09  Reaper  
  67  13:19  Reaper x2  
  54  13:33  Viking  
  53  13:39  Hellion  
  55  14:00  Hellion, Armory  
  57  14:03  Viking  
  53  14:21  Hellion  
  53  14:23  Liberator x2  
  49  14:33  Marine x6, Viking  
  57  14:43  Hellion  
  54  14:59  Marine x5  
  54  15:00  Marine  
  54  15:03  Banshee  
  46  15:17  Reaper x5  
  46  15:18  Reaper  
  52  15:24  Thor  
  58  15:32  Supply Depot  
  58  15:34  Supply Depot  
  58  15:35  Supply Depot  
  58  15:49  Reaper x4  
  62  15:54  Reaper x2  
  64  15:57  Supply Depot  
  64  16:14  Cyclone  
  55  16:21  Reaper x3  
  49  16:33  Reaper  
  47  16:40  Supply Depot  
  47  16:42  Supply Depot  
  47  16:44  Supply Depot  
  47  16:45  Supply Depot x2  
  38  17:29  Supply Depot  
  31  17:32  Supply Depot  
  23  18:48  Reaper x2  
  23  18:54  Supply Depot  
  24  18:56  Supply Depot  
  24  19:02  Supply Depot  
  19  19:03  Supply Depot  
  17  19:11  Orbital Command  
  17  19:20  Reaper x2  
  19  19:42  Supply Depot x2  
Show
View Real Time Build Order
Export as new Build Order

brayaroby Terran - Winner!

Build Orders:  

Get SALT Encoding   

  12  0:04  SCV  
  13  0:16  SCV  
  14  0:28  Supply Depot, SCV  
  15  0:39  Refinery  
  15  0:49  SCV  
  16  0:54  Barracks  
  16  1:01  SCV  
  17  1:14  Supply Depot  
  17  1:20  SCV  
  18  1:38  Refinery  
  18  1:55  Factory  
  18  2:00  SCV, Command Center  
  19  2:17  Barracks Reactor  
  19  2:24  SCV  
  20  2:37  SCV  
  21  2:49  Factory Tech Lab  
  21  2:52  Starport  
  22  3:07  Orbital Command  
  22  3:12  SCV  
  22  3:21  Marine  
  22  3:22  Marine  
  22  3:25  Command Center  
  24  3:33  Siege Tank  
  27  3:42  Medivac  
  29  3:48  SCV  
  29  3:50  Engineering Bay  
  29  3:55  SCV  
  31  3:59  Marine x2  
  33  4:12  SCV  
  33  4:14  SCV  
  33  4:17  Marine x2  
  35  4:24  SCV  
  38  4:26  SCV  
  39  4:39  Supply Depot, Terran Infantry Weapons Level 1  
  39  4:40  SCV  
  39  4:43  SCV  
  41  4:49  Refinery  
  41  4:50  Refinery, SCV  
  41  4:52  SCV  
  43  4:55  SCV  
  44  5:03  SCV  
  44  5:04  SCV  
  45  5:16  SCV  
  42  5:27  Widow Mine  
  42  5:28  Marine  
  42  5:29  Marine  
  42  5:31  Supply Depot  
  42  5:33  Liberator  
  44  5:36  SCV  
  45  5:56  Siege Tank, SCV  
  52  6:02  Orbital Command  
  52  6:05  Supply Depot  
  52  6:08  SCV  
  53  6:12  SCV  
  53  6:16  Liberator  
  54  6:20  SCV  
  54  6:24  SCV  
  54  6:25  Marine  
  57  6:29  Armory  
  57  6:33  Terran Infantry Armor Level 1  
  57  6:36  SCV  
  61  6:48  SCV  
  61  6:49  Siege Tank  
  61  6:50  Marine x2  
  67  6:57  SCV  
  67  7:00  SCV  
  69  7:09  Barracks, SCV  
  69  7:12  Barracks  
  70  7:40  Orbital Command  
  70  7:55  Supply Depot, Terran Vehicle Weapons Level 1  
  70  7:59  Barracks  
  70  8:02  Barracks Reactor  
  70  8:03  Barracks Reactor  
  70  8:04  Barracks  
  70  8:10  Thor  
  76  8:26  Terran Infantry Weapons Level 2  
  76  8:32  Supply Depot  
  76  8:52  Starport Tech Lab  
  55  9:26  Barracks Reactor  
  55  9:27  Barracks Reactor  
  55  9:31  Raven  
  57  9:42  Supply Depot  
  57  9:53  Thor  
  63  10:02  Barracks  
  63  10:06  Barracks  
  63  10:07  Marine x2  
  63  10:08  Marine x6  
  71  10:25  Marine x5  
  71  10:26  Marine x3  
  71  10:43  Marine x8  
  79  10:57  Barracks Tech Lab  
  79  10:58  Barracks Reactor  
  79  11:00  Barracks, Marine  
  79  11:01  Marine x7  
  87  11:07  Liberator  
  87  11:12  Starport  
  87  11:13  Starport  
  87  11:14  Starport  
  87  11:16  Marine  
  88  11:18  Marine  
  88  11:19  Marine x7  
  99  11:30  Starport  
  99  11:34  Marine  
  99  11:36  Marine, Supply Depot  
  99  11:37  Marine x7  
  99  11:38  Supply Depot  
  99  11:39  Supply Depot  
  98  11:43  Supply Depot  
  93  11:52  Liberator, Marine, Stimpack  
  93  11:53  Liberator x3  
  93  11:54  Barracks Reactor, Marine x5  
  93  11:55  Marine x3  
  101  12:01  Barracks  
  101  12:02  Barracks  
  101  12:10  Marine  
  101  12:12  Marine x8  
  122  12:25  Missile Turret  
  122  12:26  Missile Turret  
  122  12:28  Marine  
  122  12:29  Marine  
  123  12:30  Marine x7  
  123  12:32  Missile Turret  
  123  12:35  Missile Turret  
  131  12:37  Missile Turret  
  127  12:45  Marine  
  127  12:47  Marine  
  127  12:48  Marine x7  
  132  13:02  Marine x4  
  132  13:03  Marine  
  132  13:05  Marine  
  137  13:06  Marine x7  
  145  13:19  Marine  
  145  13:20  Marine x3  
  145  13:21  Marine  
  145  13:23  Marine x2  
  145  13:24  Marine x6  
  158  13:37  Marine  
  158  13:38  Marine x3  
  158  13:39  Marine  
  158  13:41  Marine x2  
  165  13:52  Combat Shields  
  153  14:37  Raven  
  58  15:20  Marine, Raven  
  58  15:21  Marine x10  
  62  15:38  Marine x3  
  62  15:39  Marine x8  
  71  15:56  Marine x8  
  71  15:57  Marine x3  
  77  16:03  Raven  
  84  16:06  Refinery x2  
  84  16:10  Supply Depot, Command Center  
  84  16:14  Marine x4  
  88  16:45  Raven  
  90  17:00  Command Center  
  68  17:52  Marine x10  
  77  17:59  Marauder  
  77  18:00  Marine  
  80  18:09  Marine  
  80  18:10  Marine x9  
  90  18:21  Marauder  
  92  18:27  Marine  
  92  18:28  Marine x8  
  101  18:42  Marauder  
  103  19:21  Marine  
  103  19:22  Barracks Reactor  
  103  19:23  Barracks Reactor  
  104  19:25  Marine  
  104  19:26  Marine x10  
  115  19:43  Marine  
  115  19:44  Marine x8  
Tags
 
Add a new tag
Caveats
  • Supply blocks, unpowered buildings, or Contaminate may cause inaccurate times.
  • Supply counts are checked every 10 seconds.